| TOP OF THE 1ST |
|
Rice University Owls batting - Pitching for University of North Carolina at Chapel Hill Tar Heels : RHP Fernando Conzalez
|
|
Pitching: RHP Fernando Conzalez
|
|
|
Batting: RHB Caleb Mercer
|
0-0: Fly out, F3 (Line Drive, 34, EV 69.4 MPH)
|
|
Batting: RHB Allen Jarvis
|
0-0: Called Strike 0-1: Ball 1-1: Swinging Strike 1-2: Strikes out swinging
|
|
Batting: RHB Jose Soto
|
0-0: Ground out 6-3 (Groundball, 6, EV 88.8 MPH)
|
| Top of the 1st over - 0 runs, 0 hits, 0 errors, 0 left on base; Rice University 0 - University of North Carolina at Chapel Hill 0 |
| BOTTOM OF THE 1ST |
|
University of North Carolina at Chapel Hill Tar Heels batting - Pitching for Rice University Owls : RHP Frank Renteria
|
|
Pitching: RHP Frank Renteria
|
|
|
Batting: LHB Juan Alvarado
|
0-0: Called Strike 0-1: Foul Ball, location: 2F 0-2: Ball 1-2: Foul Ball, location: 2F 1-2: Strikes out looking
|
|
Batting: LHB Chris Robertson
|
0-0: Called Strike 0-1: DOUBLE (Groundball, 3L, EV 111.2 MPH)
|
|
Batting: RHB Michael Houseman
|
0-0: Swinging Strike 0-1: 2-RUN HOME RUN (Flyball, 8LXD, EV 115.0 MPH), Distance : 456 ft
|
|
Batting: RHB Mike Machalek
|
0-0: Ball 1-0: Called Strike 1-1: Fly out, F9 (Flyball, 89M, EV 95.6 MPH)
|
|
Batting: RHB Jeremy Rollins
|
0-0: Called Strike 0-1: Swinging Strike 0-2: Foul Ball, location: 2F 0-2: DOUBLE (Flyball, 8RXD, EV 110.0 MPH)
|
|
Batting: LHB Roberto Lopez
|
0-0: Ball 1-0: Hit by Pitch
|
|
Batting: SHB Jim Saxon
|
0-0: Called Strike 0-1: Foul Ball, location: 2F 0-2: Strikes out swinging
|
| Bottom of the 1st over - 2 runs, 3 hits, 0 errors, 2 left on base; Rice University 0 - University of North Carolina at Chapel Hill 2 |
| TOP OF THE 2ND |
|
Rice University Owls batting - Pitching for University of North Carolina at Chapel Hill Tar Heels : RHP Fernando Conzalez
|
|
Batting: SHB Ken Wilson
|
0-0: SOLO HOME RUN (Flyball, 9D, EV 95.6 MPH), Distance : 366 ft
|
|
Batting: RHB Neil Worth
|
0-0: Swinging Strike 0-1: Called Strike 0-2: Foul Ball, location: 2F 0-2: Ball 1-2: Foul Ball, location: 2F 1-2: SINGLE (Groundball, 6MD, EV 94.4 MPH)
|
|
Batting: RHB Bill Turcotte
|
0-0: SINGLE (Line Drive, 9S, EV 105.0 MPH) Neil Worth to second
|
|
Batting: RHB Javier Quinones
|
0-0: SINGLE (Groundball, 3, EV 108.1 MPH) Neil Worth to third Bill Turcotte to second
|
|
Batting: RHB Alex Alvarez
|
0-0: Swinging Strike 0-1: Swinging Strike 0-2: Ball 1-2: Ball 2-2: Strikes out swinging
|
|
Batting: RHB Frank Renteria
|
0-0: Ball 1-0: Foul Ball, location: 2F 1-1: Grounds into double play, 4-2-3 (Groundball, 34, EV 83.1 MPH)
|
| Top of the 2nd over - 1 run, 4 hits, 0 errors, 2 left on base; Rice University 1 - University of North Carolina at Chapel Hill 2 |
| BOTTOM OF THE 2ND |
|
University of North Carolina at Chapel Hill Tar Heels batting - Pitching for Rice University Owls : RHP Frank Renteria
|
|
Batting: RHB Tony Jennings
|
0-0: SINGLE (Groundball, 56S, EV 60.6 MPH) (infield hit)
|
|
Batting: RHB Brandon Wilson
|
0-0: Called Strike 0-1: Foul Ball, location: 2F 0-2: Ball 1-2: Strikes out swinging
|
|
Batting: LHB Juan Alvarado
|
0-0: Ball 1-0: SINGLE (Groundball, 4D, EV 95.6 MPH) Tony Jennings to second Runner from 2nd tries for 3rd, SAFE, throw by CF made to third
|
|
Batting: LHB Chris Robertson
|
0-0: Ball 1-0: Ball 2-0: DOUBLE (Flyball, 89XD, EV 108.8 MPH) Tony Jennings scores Juan Alvarado to third Runner from 3rd tries for Home, SAFE, no throw by RF
|
|
Batting: RHB Michael Houseman
|
0-0: Ball 1-0: Called Strike 1-1: Ground out 1-3 (Groundball, 34S, EV 70.6 MPH) Chris Robertson to third
|
|
Batting: RHB Mike Machalek
|
0-0: Called Strike 0-1: Ball 1-1: Called Strike 1-2: SINGLE (Line Drive, 89S, EV 98.1 MPH) Chris Robertson scores
|
|
Batting: RHB Jeremy Rollins
|
0-0: Ball 1-0: Ball 2-0: Called Strike 2-1: Called Strike 2-2: DOUBLE (Flyball, 8LD, EV 96.9 MPH) Mike Machalek to third Runner from 3rd tries for Home, SAFE, no throw by CF
|
|
Batting: LHB Roberto Lopez
|
0-0: Called Strike 0-1: Swinging Strike 0-2: Ground out 4-3 (Groundball, 4MS, EV 70.0 MPH)
|
| Bottom of the 2nd over - 4 runs, 5 hits, 0 errors, 1 left on base; Rice University 1 - University of North Carolina at Chapel Hill 6 |
| TOP OF THE 3RD |
|
Rice University Owls batting - Pitching for University of North Carolina at Chapel Hill Tar Heels : RHP Fernando Conzalez
|
|
Batting: RHB Caleb Mercer
|
0-0: Ground out 5-3 (Groundball, 56, EV 85.0 MPH)
|
|
Batting: RHB Allen Jarvis
|
0-0: Ball 1-0: Fly out, F5 (Popup, 56, EV 53.1 MPH)
|
|
Batting: RHB Jose Soto
|
0-0: Ball 1-0: Ball 2-0: SOLO HOME RUN (Flyball, 7LD, EV 95.0 MPH), Distance : 356 ft
|
|
Batting: SHB Ken Wilson
|
0-0: Ball 1-0: Called Strike 1-1: Foul Ball, location: 2F 1-2: Strikes out swinging
|
| Top of the 3rd over - 1 run, 1 hit, 0 errors, 0 left on base; Rice University 2 - University of North Carolina at Chapel Hill 6 |
| BOTTOM OF THE 3RD |
|
University of North Carolina at Chapel Hill Tar Heels batting - Pitching for Rice University Owls : RHP Frank Renteria
|
|
Batting: SHB Jim Saxon
|
0-0: Ball 1-0: Ball 2-0: Foul Ball, location: 2F 2-1: Swinging Strike 2-2: Foul Ball, location: 2F 2-2: Ball 3-2: Strikes out swinging
|
|
Batting: RHB Tony Jennings
|
0-0: Ball 1-0: Called Strike 1-1: Ball 2-1: Ball 3-1: Base on Balls
|
|
Batting: RHB Brandon Wilson
|
0-0: Called Strike 0-1: Ball 1-1: SINGLE (Groundball, 6MD, EV 101.9 MPH) Tony Jennings to second
|
|
Batting: LHB Juan Alvarado
|
0-0: SINGLE (Groundball, 25, EV 69.4 MPH) (infield hit) Tony Jennings to third Brandon Wilson to second
|
|
Batting: LHB Chris Robertson
|
0-0: Hit by Pitch Tony Jennings scores Brandon Wilson to third Juan Alvarado to second
|
|
Pitching: RHP Bill Lightheart
|
|
|
Batting: RHB Michael Houseman
|
0-0: Called Strike 0-1: Ball Wild Pitch! Brandon Wilson scores Juan Alvarado to third Chris Robertson to second 1-1: Called Strike 1-2: Ball 2-2: Foul Ball, location: 2F 2-2: Ball 3-2: Strikes out looking
|
|
Batting: RHB Mike Machalek
|
0-0: Ball 1-0: Foul Ball, location: 2F 1-1: Ball 2-1: Ball 3-1: DOUBLE (Line Drive, 8RD, EV 105.0 MPH) Juan Alvarado scores Chris Robertson scores
|
|
Batting: RHB Jeremy Rollins
|
0-0: Ball 1-0: Ball 2-0: Foul Ball, location: 2F 2-1: Ground out U3 (Groundball, 3, EV 88.1 MPH)
|
| Bottom of the 3rd over - 4 runs, 3 hits, 0 errors, 1 left on base; Rice University 2 - University of North Carolina at Chapel Hill 10 |
| TOP OF THE 4TH |
|
Rice University Owls batting - Pitching for University of North Carolina at Chapel Hill Tar Heels : RHP Fernando Conzalez
|
|
Batting: RHB Neil Worth
|
0-0: Called Strike 0-1: Ball 1-1: Swinging Strike 1-2: Ball 2-2: Strikes out looking
|
|
Batting: RHB Bill Turcotte
|
0-0: Ball 1-0: Called Strike 1-1: Fly out, F9 (Flyball, 9D, EV 104.4 MPH)
|
|
Batting: RHB Javier Quinones
|
0-0: Ball 1-0: Swinging Strike 1-1: Fly out, F7 (Flyball, 7LS, EV 76.9 MPH)
|
| Top of the 4th over - 0 runs, 0 hits, 0 errors, 0 left on base; Rice University 2 - University of North Carolina at Chapel Hill 10 |
| BOTTOM OF THE 4TH |
|
University of North Carolina at Chapel Hill Tar Heels batting - Pitching for Rice University Owls : RHP Bill Lightheart
|
|
Batting: LHB Roberto Lopez
|
0-0: Ball 1-0: Called Strike 1-1: Swinging Strike 1-2: Ball 2-2: Ball 3-2: Foul Ball, location: 2F 3-2: SINGLE (Flyball, 6D, EV 87.5 MPH)
|
|
Pitching: RHP Michael Benford
|
|
|
Batting: SHB Jim Saxon
|
0-0: Ball 1-0: Ball 2-0: Called Strike 2-1: Called Strike 2-2: Foul Ball, location: 2F 2-2: Foul Ball, location: 2F 2-2: SINGLE (Line Drive, 7S, EV 105.6 MPH) Roberto Lopez to second
|
|
Batting: RHB Tony Jennings
|
0-0: Foul Ball, location: 2F 0-1: Ball 1-1: Foul Ball, location: 2F 1-2: Foul Ball, location: 2F 1-2: Foul Ball, location: 2F 1-2: Fly out, F8 (Flyball, 8RM, EV 93.8 MPH)
|
|
Batting: RHB Brandon Wilson
|
0-0: Ball 1-0: Foul Ball, location: 2F 1-1: Foul Ball, location: 2F 1-2: Ball 2-2: DOUBLE (Flyball, 78D, EV 110.0 MPH) Roberto Lopez scores Jim Saxon to third Runner from 3rd tries for Home, SAFE, no throw by CF
|
|
Batting: LHB Juan Alvarado
|
0-0: Fly out, F5 (Line Drive, 5L, EV 70.6 MPH)
|
|
Batting: LHB Chris Robertson
|
0-0: Fly out, F5 (Popup, 5F, EV 62.5 MPH)
|
| Bottom of the 4th over - 2 runs, 3 hits, 0 errors, 1 left on base; Rice University 2 - University of North Carolina at Chapel Hill 12 |
| TOP OF THE 5TH |
|
Rice University Owls batting - Pitching for University of North Carolina at Chapel Hill Tar Heels : RHP Fernando Conzalez
|
|
Batting: RHB Alex Alvarez
|
0-0: Ball 1-0: Called Strike 1-1: Ball 2-1: Ground out U3 (Groundball, 3S, EV 83.8 MPH)
|
|
Batting: RHB Frank Renteria
|
0-0: Hit by Pitch
|
|
Batting: RHB Caleb Mercer
|
0-0: Called Strike 0-1: Swinging Strike 0-2: Ball 1-2: DOUBLE (Flyball, 8RD, EV 87.5 MPH) Frank Renteria to third
|
|
Batting: RHB Allen Jarvis
|
0-0: SINGLE (Groundball, 56D, EV 105.6 MPH) Frank Renteria scores Caleb Mercer to third Runner from 3rd tries for Home, SAFE, throw by LF to home
|
|
Batting: RHB Jose Soto
|
0-0: Swinging Strike 0-1: SINGLE (Flyball, 89S, EV 87.5 MPH) Allen Jarvis to second Runner from 2nd tries for 3rd, SAFE, no throw by CF
|
|
Batting: SHB Ken Wilson
|
0-0: Ball 1-0: Foul Ball, location: 2F 1-1: Ball 2-1: Called Strike 2-2: Strikes out swinging
|
|
Batting: RHB Neil Worth
|
0-0: Fielders Choice at 2nd, 5-4 (Groundball, 56, EV 85.6 MPH)
|
| Top of the 5th over - 2 runs, 3 hits, 0 errors, 2 left on base; Rice University 4 - University of North Carolina at Chapel Hill 12 |
| BOTTOM OF THE 5TH |
|
University of North Carolina at Chapel Hill Tar Heels batting - Pitching for Rice University Owls : RHP Michael Benford
|
|
Batting: RHB Michael Houseman
|
0-0: Fly out, F8 (Flyball, 89D, EV 94.4 MPH)
|
|
Batting: RHB Mike Machalek
|
0-0: Foul Ball, location: 2F 0-1: Ball 1-1: Ball 2-1: Ground out 6-3 (Groundball, 6S, EV 71.9 MPH)
|
|
Batting: RHB Jeremy Rollins
|
0-0: Ball 1-0: Swinging Strike 1-1: Ground out 5-3 (Groundball, 56S, EV 74.4 MPH)
|
| Bottom of the 5th over - 0 runs, 0 hits, 0 errors, 0 left on base; Rice University 4 - University of North Carolina at Chapel Hill 12 |
| TOP OF THE 6TH |
|
Rice University Owls batting - Pitching for University of North Carolina at Chapel Hill Tar Heels : RHP Fernando Conzalez
|
|
Batting: RHB Bill Turcotte
|
0-0: Called Strike 0-1: Foul Ball, location: 2F 0-2: Ground out 4-3 (Groundball, 4M, EV 102.5 MPH)
|
|
Batting: RHB Javier Quinones
|
0-0: Ball 1-0: Ball 2-0: Called Strike 2-1: Foul Ball, location: 2F 2-2: Strikes out swinging
|
|
Batting: RHB Alex Alvarez
|
0-0: Ball 1-0: SINGLE (Line Drive, 89S, EV 105.6 MPH)
|
|
Batting: RHB Frank Renteria
|
0-0: Ball 1-0: Ball 2-0: Ball 3-0: Called Strike 3-1: Called Strike 3-2: Strikes out swinging
|
| Top of the 6th over - 0 runs, 1 hit, 0 errors, 1 left on base; Rice University 4 - University of North Carolina at Chapel Hill 12 |
| BOTTOM OF THE 6TH |
|
University of North Carolina at Chapel Hill Tar Heels batting - Pitching for Rice University Owls : RHP Michael Benford
|
|
Pitching: RHP Manny Herrera
|
|
|
Batting: LHB Roberto Lopez
|
0-0: Ball 1-0: Called Strike 1-1: Ball 2-1: Foul Ball, location: 2F 2-2: Ball 3-2: Base on Balls
|
|
Batting: SHB Jim Saxon
|
0-0: Fly out, F8 (Line Drive, 8LD, EV 102.5 MPH)
|
|
Batting: RHB Tony Jennings
|
0-0: Ball 1-0: 2-RUN HOME RUN (Flyball, 78XD, EV 103.1 MPH), Distance : 423 ft
|
|
Batting: RHB Brandon Wilson
|
0-0: Swinging Strike 0-1: Called Strike 0-2: Ball 1-2: Ball 2-2: Ball 3-2: Fly out, F7 (Flyball, 7, EV 86.2 MPH)
|
|
Batting: LHB Juan Alvarado
|
0-0: Called Strike 0-1: Ground out U3 (Groundball, 34, EV 83.8 MPH)
|
| Bottom of the 6th over - 2 runs, 1 hit, 0 errors, 0 left on base; Rice University 4 - University of North Carolina at Chapel Hill 14 |
| TOP OF THE 7TH |
|
Rice University Owls batting - Pitching for University of North Carolina at Chapel Hill Tar Heels : RHP Fernando Conzalez
|
|
Batting: RHB Caleb Mercer
|
0-0: Foul Ball, location: 2F 0-1: Swinging Strike 0-2: Ball 1-2: Ball 2-2: Foul Ball, location: 2F 2-2: Ball 3-2: Foul Ball, location: 2F 3-2: Base on Balls
|
|
Pinch Hitting: RHB Emanuel Pulido
|
0-0: Ball 1-0: Fly out, F8 (Flyball, 89M, EV 87.5 MPH)
|
|
Batting: RHB Jose Soto
|
0-0: Ball Caleb Mercer steals 2nd base (no throw) 1-0: Ball 2-0: Foul Ball, location: 2F 2-1: Ground out 6-3 (Groundball, 6, EV 99.4 MPH)
|
|
Batting: SHB Ken Wilson
|
0-0: Foul Ball, location: 2F 0-1: Ball 1-1: Foul Ball, location: 2F 1-2: Foul Ball, location: 2F 1-2: Fly out, F8 (Line Drive, 78D, EV 89.4 MPH)
|
| Top of the 7th over - 0 runs, 0 hits, 0 errors, 1 left on base; Rice University 4 - University of North Carolina at Chapel Hill 14 |
| BOTTOM OF THE 7TH |
|
University of North Carolina at Chapel Hill Tar Heels batting - Pitching for Rice University Owls : RHP Manny Herrera
|
|
Now at SS: Emanuel Pulido
|
|
|
Batting: LHB Chris Robertson
|
0-0: Called Strike 0-1: Fly out, F8 (Flyball, 8LXD, EV 83.8 MPH)
|
|
Batting: RHB Michael Houseman
|
0-0: SINGLE (Flyball, 9LS, EV 98.8 MPH)
|
|
Batting: RHB Mike Machalek
|
0-0: Swinging Strike 0-1: Called Strike 0-2: Ball 1-2: Foul Ball, location: 2F 1-2: Strikes out looking
|
|
Batting: RHB Jeremy Rollins
|
0-0: Called Strike 0-1: Ball 1-1: Ball 2-1: Foul Ball, location: 2F 2-2: Foul Ball, location: 2F 2-2: Foul Ball, location: 2F 2-2: SINGLE (Line Drive, 9S, EV 91.2 MPH) Michael Houseman to second Runner from 2nd tries for 3rd, SAFE, throw by RF made to third
|
|
Batting: LHB Roberto Lopez
|
0-0: Called Strike 0-1: Ball 1-1: Called Strike 1-2: Ball 2-2: Ground out 3-1 (Groundball, 3D, EV 78.8 MPH)
|
| Bottom of the 7th over - 0 runs, 2 hits, 0 errors, 2 left on base; Rice University 4 - University of North Carolina at Chapel Hill 14 |
| TOP OF THE 8TH |
|
Rice University Owls batting - Pitching for University of North Carolina at Chapel Hill Tar Heels : RHP Fernando Conzalez
|
|
Batting: RHB Neil Worth
|
0-0: Foul Ball, location: 2F 0-1: SINGLE (Flyball, 7LS, EV 96.9 MPH)
|
|
Batting: RHB Bill Turcotte
|
0-0: Called Strike 0-1: Ball 1-1: Ball 2-1: Foul Ball, location: 2F 2-2: Ball 3-2: Grounds into double play, 4-6-3 (Groundball, 4, EV 100.6 MPH)
|
|
Batting: RHB Javier Quinones
|
0-0: SINGLE (Line Drive, 8LS, EV 101.9 MPH)
|
|
Pitching: RHP Berry Dow
|
|
|
Batting: RHB Alex Alvarez
|
0-0: Ball 1-0: Foul Ball, location: 2F 1-1: Foul Ball, location: 2F 1-2: Ground out 4-3 (Groundball, 4, EV 86.2 MPH)
|
| Top of the 8th over - 0 runs, 2 hits, 0 errors, 1 left on base; Rice University 4 - University of North Carolina at Chapel Hill 14 |
| BOTTOM OF THE 8TH |
|
University of North Carolina at Chapel Hill Tar Heels batting - Pitching for Rice University Owls : RHP Manny Herrera
|
|
Pitching: LHP Shan Ping
|
|
|
Batting: SHB Jim Saxon
|
0-0: Called Strike 0-1: Ball 1-1: Fly out, F9 (Flyball, 89S, EV 83.8 MPH)
|
|
Batting: RHB Tony Jennings
|
0-0: Called Strike 0-1: Ball 1-1: Ball 2-1: Ball 3-1: SINGLE (Line Drive, 8RS, EV 93.8 MPH)
|
|
Batting: RHB Brandon Wilson
|
0-0: Ball 1-0: Called Strike 1-1: Ball 2-1: Foul Ball, location: 2F 2-2: Foul Ball, location: 2F 2-2: Grounds into double play, 6-4-3 (Groundball, 6MS, EV 87.5 MPH)
|
| Bottom of the 8th over - 0 runs, 1 hit, 0 errors, 0 left on base; Rice University 4 - University of North Carolina at Chapel Hill 14 |
| TOP OF THE 9TH |
|
Rice University Owls batting - Pitching for University of North Carolina at Chapel Hill Tar Heels : RHP Berry Dow
|
|
Batting: RHB Frank Renteria
|
0-0: Called Strike 0-1: Called Strike 0-2: Foul Ball, location: 2F 0-2: Ball 1-2: Strikes out looking
|
|
Batting: RHB Caleb Mercer
|
0-0: Ball 1-0: Called Strike 1-1: Fly out, F9 (Flyball, 89D, EV 98.1 MPH)
|
|
Batting: RHB Emanuel Pulido
|
0-0: Called Strike 0-1: Swinging Strike 0-2: Ball 1-2: Ball 2-2: Foul Ball, location: 2F 2-2: Foul Ball, location: 2F 2-2: SINGLE (Line Drive, 34D, EV 94.4 MPH)
|
|
Batting: RHB Jose Soto
|
0-0: Called Strike 0-1: Ground out 6-3 (Groundball, 6MS, EV 89.4 MPH)
|
| Top of the 9th over - 0 runs, 1 hit, 0 errors, 1 left on base; Rice University 4 - University of North Carolina at Chapel Hill 14 |
|